 Dungeon Crawl Stone Soup version 0.27.1-3-gb3d3a73c9e (webtiles) character file.

Game seed: 14339673559640951913

137 Descartes the Magician (level 5, -4/28 HPs)
             Began as a Deep Elf Fire Elementalist on Oct 27, 2021.
             Splashed by Ijyb's acid (14 damage)
             ... on level 3 of the Dungeon.
             The game lasted 00:05:08 (3421 turns).

Descartes the Magician (Deep Elf Fire Elementalist) Turns: 3421, Time: 00:05:08

Health: -4/28      AC:  3    Str:  6    XL:     5   Next: 0%
Magic:  10/13      EV: 13    Int: 20    God:
Gold:   130        SH:  0    Dex: 15    Spells: 11/12 levels left

rFire    . . .     SeeInvis .   k - +0 long sword
rCold    . . .     Faith    .   (no shield)
rNeg     . . .     Spirit   .   a - +0 robe
rPois    .         Reflect  .   (no helmet)
rElec    .         Harm     .   (no cloak)
rCorr    .         Rampage  .   p - +0 pair of gloves
Will     .....                  (no boots)
Stlth    +++.......             m - amulet of the acrobat
HPRegen  0.09/turn              (no ring)
MPRegen  0.13/turn              (no ring)

@: no status effects
A: no striking features
a: no special abilities


You were on level 3 of the Dungeon.
You visited 1 branch of the dungeon, and saw 3 of its levels.

You collected 130 gold pieces.

Inventory:

Hand Weapons
 d - a +0 short sword
 k - a +0 long sword (weapon)
Missiles
 e - 66 stones
 f - 41 arrows
Armour
 a - a +0 robe (worn)
 p - a +0 pair of gloves (worn)
Jewellery
 m - an amulet of the acrobat (around neck)
Scrolls
 b - 3 scrolls of immolation {unknown}
 h - a scroll of magic mapping {unknown}
 i - 3 scrolls of identify {unknown}
 l - a scroll of teleportation {unknown}
 o - 2 scrolls of vulnerability {unknown}
Potions
 c - a potion of berserk rage {unknown}
 g - a potion of heal wounds {unknown}
 j - a potion of curing {unknown}
 n - a potion of brilliance {unknown}
 q - a potion of might {unknown}
 r - a potion of haste {unknown}


   Skills:
 + Level 3.5 Dodging
 + Level 3.7 Stealth
 + Level 4.0 Spellcasting
 + Level 2.4 Conjurations
 + Level 4.0 Fire Magic


You had 11 spell levels left.
You knew the following spells:

 Your Spells              Type           Power      Damage    Failure   Level
a - Foxfire               Conj/Fire      68%        2x1d7     3%          1

Your spell library contained the following spells:

 Spells                   Type           Power      Damage    Failure   Level
 Conjure Flame            Conj/Fire      17%        6-21      10%         3
 Inner Flame              Hex/Fire       12%        N/A       17%         3
 Sticky Flame             Conj/Fire      17%        2d4       32%         4
 Fireball                 Conj/Fire      8%         3d6       67%         5


Dungeon Overview and Level Annotations

Branches:
Dungeon (3/15)

Altars:

Shops:
D:1 [

Annotations:
D:3 Ijyb


Message History

You conjure some foxfire!
Your foxfire dissipates!
The foxfire hits the adder.
The adder is almost dead.
The foxfire hits the adder.
You kill the adder!
You have reached level 5!
Your foxfire dissipates!
You see here an adder corpse.
Ijyb the Twisted Goblin comes into view.
She is wielding a +0 dagger, wearing a +2 leather armour of fire resistance and carrying a wand of acid (7).
Casting: Foxfire (safe; 3% risk of failure)
Confirm with . or Enter, or press ? or * to list all spells.
You conjure some foxfire!
The foxfire hits Ijyb but does no damage.
Ijyb shouts!
Your foxfire dissipates!
Ijyb zaps a wand.
The bolt of acid misses you.
Casting: Foxfire (safe; 3% risk of failure)
Confirm with . or Enter, or press ? or * to list all spells.
You conjure some foxfire!
Ijyb zaps a wand.
The bolt of acid misses you.
Casting: Foxfire (safe; 3% risk of failure)
Confirm with . or Enter, or press ? or * to list all spells.
You conjure some foxfire!
The foxfire hits Ijyb.
Ijyb resists.
Ijyb is lightly wounded.
Ijyb closely misses you.
You riposte.
You hit Ijyb but do no damage.
Ijyb is lightly wounded.
Unknown command.
Casting: Foxfire (safe; 3% risk of failure)
Confirm with . or Enter, or press ? or * to list all spells.
You conjure some foxfire!
The foxfire hits Ijyb.
Ijyb resists.
Ijyb is lightly wounded.
The foxfire hits Ijyb but does no damage.
Ijyb is lightly wounded.
The foxfire hits Ijyb but does no damage.
Ijyb is lightly wounded.
Ijyb zaps a wand.
The bolt of acid hits you!!
Ouch! That really hurt!
You are splashed with acid!
Ouch! That really hurt!
You die...

#..................##..
##.##.####.##########..
......####.# #..
#.##.#.......# #.. # #
#.....<.# #.. #
#.....#.# #.
#.#.###.#.# #.
#.#.###.#.# #.
#...g@§...# # #g
###.v.§...#
#.##.###.########
.........# ####.###.##
#......# #.###### ##


You could see Ijyb (ally target).

Vanquished Creatures
  A scorpion (D:3)
  2 adders (D:3)
  3 dart slugs
  An orc (D:2)
  3 ball pythons (D:1)
  8 bats
  5 endoplasms
  5 giant cockroaches
  4 goblins
  4 hobgoblins
  2 jackals (D:1)
  4 kobolds (D:1)
  4 rats
46 creatures vanquished.

Vanquished Creatures (others)
  251 foxfires
251 creatures vanquished.

Grand Total: 297 creatures vanquished

Notes
Turn   | Place    | Note
-------+----------+-------------------------------------------
     0 | D:1      | Descartes the Deep Elf Fire Elementalist began the quest
                  | for the Orb.
     0 | D:1      | Reached XP level 1. HP: 10/10 MP: 6/6
   175 | D:1      | Found a faded altar of an unknown god.
   198 | D:1      | Reached XP level 2. HP: 15/15 MP: 5/8
   666 | D:1      | Found Dyxtiw's Armour Shoppe.
  1293 | D:1      | Reached XP level 3. HP: 19/19 MP: 4/9
  3184 | D:3      | Noticed a scorpion
  3202 | D:3      | Killed a scorpion
  3203 | D:3      | Reached XP level 4. HP: 24/24 MP: 4/12
  3359 | D:3      | Reached XP level 5. HP: 28/28 MP: 8/13
  3408 | D:3      | Noticed Ijyb
  3421 | D:3      | Splashed by Ijyb's acid

Illustrated notes

Levels and vault maps discovered:
D:1:      saegor_arrival_simple_b, layout_rooms, serial_co_window_serial,
          co_window_paths_a, co_window_corner_a, co_window_paths_b,
          co_window_cross_1, co_window_paths_a, co_window_corner_b,
          co_window_of_opportunity_c, co_window_of_opportunity_b,
          co_window_broadway_a, co_window_broadway_b, co_window_4corner_b,
          co_window_paths_e, glass_columns_c, glass_columns_b,
          shapermc_ecumenical_altar_starsandcircs, serial_shops, shop
D:2:      layout_rooms, dk_noncrumbling_4
D:3:      layout_basic, minmay_stone_trees_small, uniq_natasha, uniq_ijyb

Skill      XL: |  1  2  3 |
---------------+----------+-----
Stealth        | 3 |  3.7
Dodging        | 3 |  3.5
Conjurations   | 2 |  2.4
Spellcasting   | 4 |  4.0
Fire Magic     | 4 |  4.0

Action                   |  1- 3 |  4- 6 || total
-------------------------+-------+-------++-------
 Cast: Foxfire           |   158 |     8 ||   166
Armor: Robe              |     4 |       ||     4
Dodge: Dodged            |    19 |     3 ||    22
       Rpst.: Long sword |     1 |     1 ||     2
